 Dungeon Crawl Stone Soup version 0.29-a0-40-g8eb35efe60 (webtiles) character file.

Game seed: 13219885370010268331

1634 Hubjo the Sneak (level 8, -5/58 HPs)
             Began as a Vampire Enchanter on Feb 1, 2022.
             Was an Initiate of Nemelex Xobeh.
             Slain by an orc warrior (15 damage)
             ... on level 6 of the Dungeon.
             The game lasted 00:32:51 (4611 turns).

Hubjo the Sneak (Vampire Enchanter)                 Turns: 4611, Time: 00:32:51

Health: -5/58      AC:  8    Str:  8    XL:     8   Next: 66%
Magic:  7/11       EV: 12    Int: 21    God:    Nemelex Xobeh [......]
Gold:   173        SH:  0    Dex: 19    Spells: 3/11 levels left

rFire   + . .      SeeInvis +   o - +2 falchion "Killer Bee's Regret" {vorpal, rF+ rN+ Str-5 Dex+4}
rCold   . . .      Faith    .   (no shield)
rNeg    + . .      Spirit   .   l - +4 ring mail {Will+}
rPois   .          Reflect  .   (no helmet)
rElec   .          Harm     .   (no cloak)
rCorr   .          Rampage  .   j - +0 pair of gloves
Will    +....                   (no boots)
Stlth   +++.......              g - amulet of the acrobat
HPRegen 0.39/turn               e - +6 ring of strength
MPRegen 0.12/turn               (no ring)

@: confusing by touch, healing quickly
A: alive, fangs 3, see invisible, vampiric 2, clever 1, deformed body
a: Exsanguinate, Renounce Religion, Draw Escape, Draw Destruction, Draw
Summoning


You were on level 6 of the Dungeon.
You worshipped Nemelex Xobeh.
Nemelex Xobeh was noncommittal.
You visited 2 branches of the dungeon, and saw 7 of its levels.

You collected 173 gold pieces.

Inventory:

Hand Weapons
 a - a +1 dagger
 o - the +2 falchion "Killer Bee's Regret" (weapon) {vorpal, rF+ rN+ Str-5 Dex+4}
   (You found it on level 4 of the Dungeon)

   It inflicts extra damage upon your enemies.
   Str:       It affects your strength (-5).
   Dex:       It affects your dexterity (+4).
   rF:        It protects you from fire.
   rN:        It protects you from negative energy.
Armour
 b - a +0 robe
 j - a +0 pair of gloves (worn)
 l - a +4 ring mail of willpower (worn)
 m - a +0 barding
Magical Staves
 d - a staff of air
Jewellery
 e - a +6 ring of strength (left hand)
 g - an amulet of the acrobat (around neck)
 i - an amulet of reflection
 n - an amulet of magic regeneration
Scrolls
 c - a scroll of holy word {unknown}
Potions
 f - a potion of degeneration
 h - a potion of haste {unknown}
 k - a potion of magic


   Skills:
 + Level 3.3 Fighting
 + Level 3.0(5.3) Short Blades
 + Level 6.2(6.5) Long Blades
 + Level 3.4 Armour
 + Level 5.0 Dodging
 + Level 6.7 Stealth
 + Level 2.3 Spellcasting
 + Level 0.3 Conjurations
 + Level 5.6 Hexes


You had 3 spell levels left.
You knew the following spells:

 Your Spells              Type           Power      Damage    Failure   Level
a - Freeze                Ice            8%         1d3       38%         1
b - Dazzling Flash        Conj/Hex       30%        N/A       36%         3
c - Magic Dart            Conj           12%        1d3       34%         1
d - Confusing Touch       Hex            26%        N/A       12%         3

Your spell library contained the following spells:

 Spells                   Type           Power      Damage    Failure   Level
 Tukima's Dance           Hex            26%        N/A       12%         3
 Ensorcelled Hibernation  Hex/Ice        28%        N/A       19%         2
 Corpse Rot               Necr/Air       4%         N/A       52%         2
 Yara's Violent Unravell  Hex/Tmut       7%         3d5       98%         5
 Dispel Undead            Necr           2%         3d7       99%         4
 Passage of Golubria      Tloc           2%         N/A       99%         4
 Death Channel            Necr           1%         N/A       100%        6


Dungeon Overview and Level Annotations

Branches:
Dungeon (6/15)             Temple (1/1) D:4

Altars:
Ashenzari
Cheibriados
Elyvilon
Fedhas
Gozag
Hepliaklqana
Kikubaaqudgha
Nemelex Xobeh
Okawaru
Qazlal
Ru
Uskayaw
Vehumet
Wu Jian
Xom
Yredelemnul
Zin
The Shining One

Shops:
D:1 :   D:4 [


Innate Abilities, Weirdness & Mutations

Your natural rate of healing is accelerated.
You have razor-sharp teeth.
You have supernaturally acute eyesight. (SInv)
You are afflicted with vampirism and can become a bat while bloodless.
Your mind is acute. (Int +2)
Armour fits poorly on your strangely shaped body.


Message History

Things that are here:
a +0 war axe; 2 boomerangs; an orc corpse You closely miss the orc priest.
The orc priest closely misses you.
You hit the orc priest but do no damage.
The orc priest hits you but does no damage.
You hit the orc priest. Your bite misses the orc priest.
The orc priest is moderately wounded.
The orc priest hits you with a +0 club. The orc warrior barely misses you.
You hit the orc priest.
The orc priest is heavily wounded.
The orc priest barely misses you. The orc warrior closely misses you.
You hit the orc priest but do no damage.
The orc priest is heavily wounded.
The orc priest misses you.
You hit the orc priest but do no damage.
You bite the orc priest.
The orc priest is almost dead.
The orc priest closely misses you.
You closely miss the orc priest.
You bite the orc priest, but do no damage.
The orc priest is almost dead.
The orc priest barely misses you.
You hit the orc priest but do no damage.
The orc priest is almost dead.
The orc warrior hits you with a +0 short sword.
The orc priest misses you.
You hit the orc priest.
You kill the orc priest!
The orc warrior seems less confused.
The orc warrior hits you with a +0 short sword!
* * * LOW HITPOINT WARNING * * *
Found 6 gold pieces.
Things that are here:
a +0 club; a +0 ring mail; an orc corpse
Casting: Confusing Touch (dangerous; 12% risk of failure)
Confirm with . or Enter, or press ? or * to list all spells.
Your hands begin to glow red.
The orc warrior hits you with a +0 short sword!
You die...
Your body disappears without a glow.

......$.#
......<.#
........#
........#
........#
.)......# #####
........# ###...#
.......@###.....#
.......o........#
..........<.#####
.....)...####
#......###
#####.. #...
...#. #.[##.


You could see an orc warrior.

Vanquished Creatures
  An ice beast (D:5)
  3 black bears
  A necrophage (D:4)
  A centaur (D:5)
  3 ogres (D:5)
  A water moccasin zombie (D:5)
  4 scorpions
  An orc priest (D:6)
  4 hounds (D:5)
  2 jellies (D:5)
  5 iguanas
  An orc wizard (D:5)
  2 hound zombies (D:5)
  A hound skeleton (D:5)
  9 adders
  3 gnolls (D:5)
  An adder skeleton (D:5)
  4 worms
  4 dart slugs
  5 orcs
  5 ball pythons
  6 endoplasms
  2 giant cockroaches (D:2)
  4 goblins
  7 hobgoblins
  4 jackals (D:1)
  3 quokkas
  3 bats
  2 frilled lizards
  4 kobolds
  A rat (D:3)
97 creatures vanquished.

Vanquished Creatures (others)
  An ufetubus (D:5)
1 creature vanquished.

Grand Total: 98 creatures vanquished

Notes
Turn   | Place    | Note
-------+----------+-------------------------------------------
     0 | D:1      | Hubjo the Vampire Enchanter began the quest for the Orb.
     0 | D:1      | Reached XP level 1. HP: 13/13 MP: 3/3
    28 | D:1      | Found Arhuwn's Book Shop.
   187 | D:1      | Gained mutation: Armour fits poorly on your strangely
                  | shaped body. [potion of mutation]
   187 | D:1      | Gained mutation: Your mind is acute. (Int +2) [potion of
                  | mutation]
   200 | D:1      | Reached skill level 5 in Hexes
   211 | D:1      | Reached XP level 2. HP: 7/19 MP: 5/5
   452 | D:1      | Found a faded altar of an unknown god.
   459 | D:1      | Prayed at the altar of an unknown god.
   459 | D:1      | Became a worshipper of Vehumet
   459 | D:1      | Reached * piety under Vehumet
   459 | D:1      | Offered knowledge of Freeze by Vehumet.
   472 | D:1      | Learned a level 1 spell: Freeze
   778 | D:2      | Reached skill level 5 in Stealth
   789 | D:2      | Gained mutation: You are afflicted with vampirism and can
                  | become a bat while bloodless. [Vampire growth]
   789 | D:2      | Reached XP level 3. HP: 15/24 MP: 6/6
   797 | D:2      | Upgraded the game from 0.29-a0-25-g7f48f510a0 to
                  | 0.29-a0-40-g8eb35efe60
  1415 | D:3      | Learned a level 3 spell: Dazzling Flash
  1525 | D:3      | Reached XP level 4. HP: 22/31 MP: 7/7
  1582 | D:3      | Noticed a scorpion
  1602 | D:3      | Killed a scorpion
  1603 | D:3      | Reached skill level 1 in Fighting
  1771 | D:3      | Reached ** piety under Vehumet
  1771 | D:3      | Offered knowledge of Magic Dart by Vehumet.
  1774 | D:3      | Learned a level 1 spell: Magic Dart
  1794 | D:3      | Reached XP level 5. HP: 34/37 MP: 8/8
  1842 | D:4      | Found an ancient bone altar of Kikubaaqudgha.
  1842 | D:4      | Noticed a black bear
  1873 | D:4      | Identified the +2 falchion "Killer Bee's Regret" {vorpal,
                  | rF+ rN+ Str-5 Dex+4}
  1943 | D:4      | Found Muesoifo's Antique Armour Shop.
  2034 | D:4      | Reached skill level 1 in Armour
  2077 | D:4      | Noticed a necrophage
  2193 | D:4      | Found a staircase to the Ecumenical Temple.
  2208 | Temple   | Entered the Ecumenical Temple
  2313 | Temple   | Fell from the grace of Vehumet
  2313 | Temple   | Became a worshipper of Nemelex Xobeh the Trickster
  2458 | D:4      | Reached skill level 1 in Long Blades
  2544 | D:4      | Killed a black bear
  2545 | D:4      | Reached XP level 6. HP: 43/43 MP: 5/9
  2968 | D:5      | Entered Level 5 of the Dungeon
  2997 | D:5      | Reached XP level 7. HP: 26/48 MP: 10/10
  3072 | D:5      | Found a stormy altar of Qazlal.
  4208 | D:5      | Reached XP level 8. HP: 57/57 MP: 11/11
  4211 | D:5      | Reached skill level 5 in Long Blades
  4471 | D:5      | Reached skill level 5 in Dodging
  4582 | D:5      | Noticed a two-headed ogre
  4584 | D:5      | Learned a level 3 spell: Confusing Touch
  4611 | D:6      | Slain by an orc warrior

Illustrated notes

Levels and vault maps discovered:
D:1:      dpeg_arrival_tiny_d, layout_rooms, serial_shops, shop,
          dilly_ecumenical_altar_fadedgnrine, nicolae_wormholes
D:2:      layout_basic
D:3:      layout_rooms, minmay_misc_feat_chi
D:4:      layout_loops_ring, mainiacjoe_overflow_alcove_4, temple_green,
          portal_sewer_entry_d, serial_shops, shop_statue, lemuel_old_faithful
D:5:      layout_loops_ring, mainiacjoe_overflow_surrounded_room, minivault_11,
          nzn_random_ring
D:6:      layout_rooms, serial_shops, nicolae_shop_hallway_plus,
          nicolae_inconvenience_store, nicolae_take_the_stairs
Temple:   lightli_temple_of_artemis

Skill      XL: |  1  2  3  4  5  6  7  8 |
---------------+-------------------------+-----
Hexes          | 5 |  5.6
Stealth        | 5 6 |  6.7
Short Blades   | 2 3 |  3.0
Fighting       | 1 2 3 |  3.3
Dodging        | 3 4 5 |  5.0
Armour         | 1 2 3 |  3.4
Long Blades    | 1 3 4 6 |  6.2
Spellcasting   | |  2.3
Conjurations   | |  0.3

Action                   |  1- 3 |  4- 6 |  7- 9 || total
-------------------------+-------+-------+-------++-------
Melee: Dagger            |   171 |    37 |       ||   208
       Bite              |    20 |    16 |    24 ||    60
       Punch             |     3 |     3 |     3 ||     9
       Falchion          |       |    83 |   183 ||   266
 Cast: Magic Dart        |       |     7 |     1 ||     8
       Confusing Touch   |       |       |     2 ||     2
  Use: Scroll            |     3 |     6 |     4 ||    13
       Potion            |     3 |     3 |     4 ||    10
 Stab: Sleeping          |     3 |     6 |     1 ||    10
       Distracted        |       |     1 |       ||     1
       Confused          |       |       |     1 ||     1
Armor: Robe              |    11 |       |       ||    11
       Ring mail         |    22 |    34 |   103 ||   159
Dodge: Dodged            |   112 |    72 |   180 ||   364

Table legend: (Time is in decaauts)
 A = Elapsed time spent in this place.
 B = Non-inter-level travel time spent in this place.
 C = Inter-level travel time spent in this place.
 D = Time resting spent in this place.
 E = Time spent auto-exploring this place.
 F = Levels seen in this place.
 G = Mean time per level.
                   A        B        C        D        E       F      G
               +--------+--------+--------+--------+--------+-----+--------+
         Total |   4648 |   3859 |    789 |      0 |   2601 |   7 |  664.0 |
       Dungeon |   4418 |   3782 |    636 |      0 |   2536 |   6 |  736.3 |
        Temple |    229 |     76 |    153 |      0 |     65 |   1 |  229.0 |
               +--------+--------+--------+--------+--------+-----+--------+

Top non-repeatable levels by time:
     D:5: 1616 daAuts
     D:4: 942 daAuts
     D:2: 814 daAuts
     D:1: 578 daAuts
     D:3: 429 daAuts
  Temple: 229 daAuts
     D:6: 37 daAuts
